Cogmind - Beta 12 X6 @@@ ROGUE MODE // 2023.02.22 @ 22:05:50 Player: ArabianSandBoa Result: Self-destructed Performance ------------- Evolutions (2) 1000 Regions Visited (7) 1400 Robots Destroyed (54) 270 Value Destroyed (1214) 1214 Prototype IDs (30) 600 Alien Tech Used (0) 0 Bonus (-1298) -1298 TOTAL SCORE: 3186 Bonus ------- Follower Combat Kills 21 Aligned with FarCom 300 Friendly Fire -1619 Cogmind --------- Core Integrity 450/550 Matter 6/300 Energy 160/160 System Corruption 0% Temperature Cool (50) Movement Rolling (123) Ox2 Location -8/Materials Parts ------- > --- POWER (1) -------- Light Nuclear Core > --- PROPULSION (3) --- Compact Wheel Armored Wheel Armored Wheel > --- UTILITY (5) ------ Improved Heat Sink Huge Storage Unit Improved Utility Shielding Hardened Medium Armor Plating Hacking Suite > --- WEAPON (2) ------- Heavy Assault Cannon > --- INVENTORY (25) --- Improved Heat Sink Huge Storage Unit Sensor Array Experimental Sensor Array Signal Interpreter Improved Terrain Scanner Terrain Scan Processor ECM Suite Cloak of Protection Improved Utility Shielding Weapon Shielding Light Armor Plating Light Armor Plating Hardened Medium Armor Plating Shock Absorption System High-powered Tractor Beam Heavy EM Pulse Gun Spread Laser Improved Medium Laser Beamcaster YI-UF0's Doublenader Datajack Mining Laser Plasma Cutter Signal Generator Peak State ------------ > --- POWER ------------ Light Angular Momentum Engine > --- PROPULSION ------- Compact Wheel Armored Wheel Armored Wheel > --- UTILITY ---------- Huge Storage Unit Cloak of Protection Improved Utility Shielding Improved Utility Shielding Shock Absorption System > --- WEAPON ----------- Heavy Assault Cannon > --- INVENTORY -------- Light Nuclear Core Improved Heat Sink Improved Heat Sink High-capacity Storage Unit Huge Storage Unit Sensor Array Experimental Sensor Array Signal Interpreter Terrain Scan Processor ECM Suite Weapon Shielding Light Armor Plating Light Armor Plating Hacking Suite High-powered Tractor Beam EM Pulse Gun Spread Laser Improved Medium Laser Improved Medium Laser Beamcaster YI-UF0's Doublenader Datajack Mining Laser Plasma Cutter Signal Generator [Rating: 41] Favorites ----------- Power Light Angular Momentum Engine Engine Light Angular Momentum Engine Power Core Light Nuclear Core Propulsion Armored Wheel Treads Light Treads Leg Aluminum Leg Wheel Armored Wheel Utility Huge Storage Unit Device Improved Heat Sink Storage Huge Storage Unit Hackware Hacking Suite Protection Light Armor Plating Weapon Spread Laser Energy Gun Spread Laser Energy Cannon Advanced Beam Cannon Ballistic Gun Light Assault Rifle Ballistic Cannon Heavy Assault Cannon Launcher YI-UF0's Doublenader Special Weapon Plasma Cutter Build | -11 -10 -10 -9 -9 -9 -8 -8 ------- Run | Jun Mat Min Mat Min Exi Min Mat Slots Evolved 4 | . . . 2 . . . 2 Power . | . . . . . . . . Propulsion 1 | . . . 1 . . . . Utility 3 | . . . 1 . . . 2 Weapon . | . . . . . . . . Parts Attached 52 | 1 8 11 12 4 5 2 9 Power 5 | . . 2 1 1 . . 1 Engine 3 | . . 2 . 1 . . . Core 2 | . . . 1 . . . 1 Reactor . | . . . . . . . . Propulsion 14 | . 6 2 5 1 . . . Treads 5 | . 2 1 2 . . . . Leg . | . . . . . . . . Wheel 9 | . 4 1 3 1 . . . Hover . | . . . . . . . . Flight . | . . . . . . . . Utility 16 | . 2 1 2 . 3 1 7 Device 7 | . 1 1 1 . 2 1 1 Storage 2 | . 1 . . . 1 . . Processor . | . . . . . . . . Hackware 1 | . . . . . . . 1 Protection 6 | . . . 1 . . . 5 Artifact . | . . . . . . . . Weapon 17 | 1 . 6 4 2 2 1 1 Energy Gun 11 | 1 . 4 3 1 2 . . Energy Cannon 1 | . . . 1 . . . . Ballistic Gun 2 | . . 2 . . . . . Ballistic Cannon 1 | . . . . . . . 1 Launcher 1 | . . . . . . 1 . Special Weapon 1 | . . . . 1 . . . Impact Weapon . | . . . . . . . . Slashing Weapon . | . . . . . . . . Piercing Weapon . | . . . . . . . . Special Melee Weapon . | . . . . . . . . Unidentified Prototypes 3 | . . . 2 . . 1 . Corrupted Parts 3 | . . 1 . . . 2 . System Corruption 15 | . . 4 . . . 11 . Parts Lost 9 | . . 5 3 . . . 1 Power 3 | . . 1 1 . . . 1 Propulsion 3 | . . 1 2 . . . . Utility 1 | . . 1 . . . . . Weapon 2 | . . 2 . . . . . Highest Loss Streak 3 | . . 3 1 . . . 1 To Critical Strikes . | . . . . . . . . Average Slot Usage (%) 94 | . 98 94 96 100 81 100 85 Engine 10 | . 14 13 8 6 11 11 6 Core 1 | . . . 2 4 . . 2 Treads 5 | . 5 9 9 4 . . . Wheel 24 | . 17 18 20 28 33 33 27 Device 14 | . 13 13 16 11 17 22 8 Storage 11 | . 14 14 11 11 11 11 9 Protection 4 | . . . 4 11 4 . 16 Energy Gun 13 | . 27 11 16 17 4 22 . Energy Cannon 1 | . . . 4 1 . . . Ballistic Gun 3 | . . 11 . . . . . Ballistic Cannon 1 | . . . . . . . 8 Naked Turns . | . . . . . . . . Heaviest Build 137 | 12 88 93 100 99 137 111 119 Greatest Support 40 | 20 40 26 26 40 40 40 40 Greatest Overweight (x) 6 | . 3 5 6 4 3 2 2 Average Overweight (x) 2 | . 2 4 3 2 2 2 2 Largest Inventory Capacity 25 | 8 25 25 25 25 25 25 25 Average Capacity 24 | 8 22 25 25 25 25 25 25 Most Carried 25 | 6 15 23 25 25 25 24 25 Average Carried 20 | 6 10 15 23 24 24 23 24 Final Capacity 25 | 8 25 25 25 25 25 25 25 Final Carried 25 | 6 15 23 24 25 23 24 25 Class Distribution -------------------- 60% | Mutant 39% | Scavenger-Mutant Dominant Class ---------------- Mutant | -10/Materials Mutant | -10/Mines Scavenger-Mutant | -9/Materials Scavenger-Mutant | -9/Mines Mutant | -9/Exiles Mutant | -8/Mines Mutant | -8/Materials Resources | -11 -10 -10 -9 -9 -9 -8 -8 ----------- Run | Jun Mat Min Mat Min Exi Min Mat Matter Collected 787 | 185 105 120 142 57 . 17 161 Remotely . | . . . . . . . . Salvage Created 1963 | . 172 429 887 274 . . 201 Parts 116 | . 15 28 47 14 . . 12 Haulers Intercepted 5 | . 1 . 3 . . . 1 Recyclers Shooed 3 | . . . 2 . . . 1 Parts Field Recycled . | . . . . . . . . Retrieved Matter . | . . . . . . . . Parts Self-Destructed . | . . . . . . . . Prevented . | . . . . . . . . Kills | -11 -10 -10 -9 -9 -9 -8 -8 ------- Run | Jun Mat Min Mat Min Exi Min Mat Combat Hostiles Destroyed 31 | . 2 5 14 3 . . 7 Guns 19 | . 2 5 9 3 . . . Cannons 11 | . . . 4 . . . 7 AOE 1 | . . . 1 . . . . Classes Destroyed 12 | . 4 4 3 1 . . . Worker 2 | . . 1 1 . . . . Builder 3 | . . 1 2 . . . . Tunneler 1 | . . 1 . . . . . Hauler 5 | . 1 . 3 . . . 1 Recycler 4 | . . . 2 2 . . . Operator 1 | . 1 . . . . . . Watcher 4 | . 2 . 2 . . . . Swarmer 8 | . 2 3 . . . . 3 Grunt 14 | . . 2 8 2 . . 2 Brawler 1 | . . . 1 . . . . Duelist 1 | . . . . 1 . . . Sentry 7 | . . . 5 . . . 2 Thug 2 | . . 1 . 1 . . . Best Kill Streak 4 | . 3 4 4 3 . . 4 Combat Bots Only 4 | . 2 3 3 3 . . 4 Max Kills in Single Turn 2 | . 1 1 2 1 . . 1 Gunslinging 1 | . . . 1 . . . . Exploded 1 | . . . 1 . . . . Melee . | . . . . . . . . Uniques/NPCs Destroyed 1 | . . 1 . . . . . YI-UF0 (-10/Mines) Combat | -11 -10 -10 -9 -9 -9 -8 -8 -------- Run | Jun Mat Min Mat Min Exi Min Mat Damage Taken 1881 | . 227 373 465 152 . . 664 Core 351 | . 80 76 74 21 . . 100 Absorbed by Shields . | . . . . . . . . Redirected to Shielding 26 | . . . . . . . 26 Core Remaining (%) 71 | 100 . 37 . . . 76 . Volleys Fired 205 | . 13 58 55 38 . 6 35 Largest 2 | . 2 2 2 2 . 1 1 Hottest 133 | . 80 80 133 133 . 75 60 Shots Fired 300 | . 26 77 106 50 . 6 35 Gun 214 | . 26 77 82 23 . 6 . Cannon 60 | . . . 24 1 . . 35 Launcher . | . . . . . . . . Special 26 | . . . . 26 . . . Kinetic 60 | . . 25 . . . . 35 Thermal 163 | . . 1 106 50 . 6 . Explosive . | . . . . . . . . Electromagnetic 77 | . 26 51 . . . . . Robot Hit Streak 11 | . 4 7 11 8 . . 7 Robot Miss Streak 8 | . 2 3 8 5 . . 3 Penetration Max . | . . . . . . . . Secondary Targets 4 | . . 1 2 1 . . . Max Gunslinging Chain 1 | . . 1 1 1 . . . Shots Hit Robots 196 | . 15 47 82 34 . . 18 Core Hits 139 | . 6 22 76 27 . . 8 Critical Kills . | . . . . . . . . Critical Parts Destroyed . | . . . . . . . . Critical Strikes 11 | . . 1 2 2 . . 6 Burn 2 | . . . 2 . . . . Blast 6 | . . . . . . . 6 Corrupt 1 | . . 1 . . . . . Sever 2 | . . . . 2 . . . Melee Attacks . | . . . . . . . . Impact . | . . . . . . . . Slashing . | . . . . . . . . Piercing . | . . . . . . . . Sneak Attacks . | . . . . . . . . Combat Hostiles . | . . . . . . . . Follow-up Attacks . | . . . . . . . . Damage Inflicted 3645 | . 247 563 1405 447 . . 983 Guns 1971 | . 247 563 892 269 . . . Cannons 1439 | . . . 456 . . . 983 Explosions 57 | . . . 57 . . . . Melee . | . . . . . . . . Ramming . | . . . . . . . . Kinetic 1114 | . . 131 . . . . 983 Thermal 1795 | . . . 1348 447 . . . Explosive 57 | . . . 57 . . . . Electromagnetic 679 | . 247 432 . . . . . Impact . | . . . . . . . . Slashing . | . . . . . . . . Piercing . | . . . . . . . . Highest Corruption 14 | . . 4 3 3 3 14 . Average Corruption 3 | . . 4 2 3 3 3 . Corruption Purged . | . . . . . . . . Corruption Blocked . | . . . . . . . . Effects 46 | . . 11 12 6 6 11 . Message Errors 10 | . . 2 5 . 1 2 . Matter Fused 12 | . . 2 3 3 2 2 . Heat Flow Errors 7 | . . 3 . 2 1 1 . Energy Discharges 5 | . . 3 . . . 2 . Data Loss (minor) 6 | . . 1 1 . 2 2 . Data Loss (major) 3 | . . . 1 1 . 1 . Alerts 1 | . . . . . . 1 . Weapon Failures 2 | . . . 2 . . . . Overload Shots . | . . . . . . . . Overflow Damage 55 | . . . . . . . 55 Projectiles 55 | . . . . . . . 55 Explosions . | . . . . . . . . Melee . | . . . . . . . . Knockbacks 6 | . . . . . . . 6 Impact . | . . . . . . . . Kinetic 5 | . . . . . . . 5 Secondary 1 | . . . . . . . 1 Self-Inflicted Damage 112 | . . . 112 . . . . Shots 1 | . . . 1 . . . . Rammed . | . . . . . . . . Targets Rammed . | . . . . . . . . Kicked . | . . . . . . . . Crushed . | . . . . . . . . Highest Temperature 311 | . 72 258 282 252 276 240 311 Average Temperature 77 | . 25 116 61 107 148 67 72 Received Heat Transfer 702 | . . 111 147 66 . . 378 Effects 1 | . . . 1 . . . . Energy Bleed 1 | . . . 1 . . . . Siege Activations . | . . . . . . . . Robots Corrupted 2 | . . 2 . . . . . Combat Hostiles . | . . . . . . . . Parts Fried 3 | . 2 1 . . . . . Impact Corruptions . | . . . . . . . . Robots Melted . | . . . . . . . . Combat Hostiles . | . . . . . . . . Parts Melted 3 | . . . 2 1 . . . Heat Transferred 3378 | . . . 2337 1041 . . . Parts Sabotaged . | . . . . . . . . Parts Stolen . | . . . . . . . . Parts Stripped . | . . . . . . . . Power Chain Reactions . | . . . . . . . . Missiles Intercepted . | . . . . . . . . Alert | -11 -10 -10 -9 -9 -9 -8 -8 ------- Run | Jun Mat Min Mat Min Exi Min Mat Peak Influence 392 | . 166 139 392 138 . 30 203 Initial 64 | . . 64 16 48 . . 11 Average 79 | . 107 45 185 79 . 8 52 Maximum Alert Level 1 | . . . 1 . . . 1 Low Security (%) 88 | 100 100 100 50 100 . 100 95 Level 1 11 | . . . 49 . . . 4 Level 2 . | . . . . . . . . Level 3 . | . . . . . . . . Level 4 . | . . . . . . . . Level 5 . | . . . . . . . . High Security . | . . . . . . . . Max Security . | . . . . . . . . Squads Dispatched 4 | . 1 . 1 . . . 2 Investigation . | . . . . . . . . Extermination . | . . . . . . . . Reinforcement 4 | . 1 . 1 . . . 2 Assault . | . . . . . . . . Garrison . | . . . . . . . . Intercept . | . . . . . . . . Searches Triggered . | . . . . . . . . Construction Impeded 1 | . . . . . . . 1 Haulers Reinforced . | . . . . . . . . Active Scanning Responses . | . . . . . . . . Cargo Convoy Interrupts . | . . . . . . . . Stealth | -11 -10 -10 -9 -9 -9 -8 -8 --------- Run | Jun Mat Min Mat Min Exi Min Mat Distress Signals 11 | . 3 . 3 . . . 5 Communications Jammed . | . . . . . . . . Distress Signals . | . . . . . . . . Times Spotted 64 | . 14 8 22 5 . . 15 Peak Tracking Total 8 | . 5 3 5 3 . . 8 Tactical Retreats 8 | . 2 . 3 1 . . 2 Traps | -11 -10 -10 -9 -9 -9 -8 -8 ------- Run | Jun Mat Min Mat Min Exi Min Mat Traps Triggered 4 | . 1 . 3 . . . . Indirectly . | . . . . . . . . Trap Hack Attempts . | . . . . . . . . Triggered . | . . . . . . . . Disarmed . | . . . . . . . . Reprogrammed . | . . . . . . . . Reused . | . . . . . . . . Traps Extracted . | . . . . . . . . Installed . | . . . . . . . . Triggered . | . . . . . . . . Machines | -11 -10 -10 -9 -9 -9 -8 -8 ---------- Run | Jun Mat Min Mat Min Exi Min Mat Machines Disabled 7 | . . . 4 . . 3 . Max in Single Turn 2 | . . . 2 . . 1 . Machines Repaired . | . . . . . . . . Machines Sabotaged . | . . . . . . . . Overloaded Fab Kills . | . . . . . . . . Hacking | -11 -10 -10 -9 -9 -9 -8 -8 --------- Run | Jun Mat Min Mat Min Exi Min Mat Machines Accessed 8 | . . . 3 . 1 . 4 Terminals 7 | . . . 3 . . . 4 Fabricators . | . . . . . . . . Repair Stations . | . . . . . . . . Recycling Units . | . . . . . . . . Scanalyzers . | . . . . . . . . Garrison Access . | . . . . . . . . Total Hacks 24 | . . . 11 . 1 . 12 Successful 14 | . . . 6 . 1 . 7 Failed 10 | . . . 5 . . . 5 Catastrophic . | . . . . . . . . Database Lockouts . | . . . . . . . . Manual 6 | . . . 1 . 1 . 4 Terminals 23 | . . . 11 . . . 12 Fabricators . | . . . . . . . . Repair Stations . | . . . . . . . . Recycling Units . | . . . . . . . . Scanalyzers . | . . . . . . . . Garrison Access . | . . . . . . . . Terminal Hacks 12 | . . . 5 . 1 . 6 Robot Analysis 1 | . . . . . . . 1 Prototype ID Bank 2 | . . . . . . . 2 Emergency Access Points 1 | . . . 1 . . . . Unreport Threat 1 | . . . 1 . . . . Hauler Manifests 1 | . . . 1 . . . . Zone Layout 5 | . . . 2 . . . 3 EX-Prototype ID Bank 1 | . . . . . 1 . . Fabricator Hacks . | . . . . . . . . Repair Station Hacks . | . . . . . . . . Recycling Unit Hacks . | . . . . . . . . Scanalyzer . | . . . . . . . . Garrison Access Hacks . | . . . . . . . . Unauthorized Hacks 2 | . . . 1 . . . 1 Terminals 2 | . . . 1 . . . 1 Botnet 2 | . . . 1 . . . 1 Fabricators . | . . . . . . . . Repair Stations . | . . . . . . . . Recycling Units . | . . . . . . . . Scanalyzers . | . . . . . . . . Garrison Access . | . . . . . . . . Data Cores Recovered . | . . . . . . . . Used . | . . . . . . . . Hacking Detections 5 | . . . 3 . . . 2 Full Trace Events 1 | . . . 1 . . . . Feedback Events . | . . . . . . . . Feedback Blocked . | . . . . . . . . Robot Schematics Acquired . | . . . . . . . . Robots Built . | . . . . . . . . Authchips . | . . . . . . . . Time . | . . . . . . . . Total Robot Build Rating . | . . . . . . . . Part Schematics Acquired . | . . . . . . . . Parts Built . | . . . . . . . . Authchips . | . . . . . . . . Time . | . . . . . . . . Total Part Build Rating . | . . . . . . . . Parts Repaired . | . . . . . . . . Time . | . . . . . . . . Parts Recycled . | . . . . . . . . Recycled Matter . | . . . . . . . . Retrieved Matter . | . . . . . . . . Retrieved Components . | . . . . . . . . Parts Scanalyzed . | . . . . . . . . Part Schematics Acquired . | . . . . . . . . Parts Damaged . | . . . . . . . . Bothacking | -11 -10 -10 -9 -9 -9 -8 -8 ------------ Run | Jun Mat Min Mat Min Exi Min Mat Used RIF Installer . | . . . . . . . . Robots Hacked . | . . . . . . . . Non-combat . | . . . . . . . . Combat . | . . . . . . . . Robot Hacks Applied . | . . . . . . . . Relay Couplers Released . | . . . . . . . . Fabnet Peak Effective % . | . . . . . . . . Robots Rewired . | . . . . . . . . Allies Hacked . | . . . . . . . . Hacks Repelled . | . . . . . . . . Allies | -11 -10 -10 -9 -9 -9 -8 -8 -------- Run | Jun Mat Min Mat Min Exi Min Mat Total Allies 5 | . . 3 . 2 . . . Largest Group 3 | . . 3 1 2 . . . Highest-Rated Group 49 | . . 40 16 49 . . . Highest-Rated Ally 31 | . . 16 16 31 . . . Total Orders . | . . . . . . . . Ally Attacks 22 | . . 11 11 . . . . Total Damage 174 | . . 64 110 . . . . Kills 3 | . . 3 . . . . . Allies Corrupted . | . . . . . . . . Allies Melted . | . . . . . . . . Intel | -11 -10 -10 -9 -9 -9 -8 -8 ------- Run | Jun Mat Min Mat Min Exi Min Mat Robot Analysis Total 1 | . . . . . . . 1 Derelict Logs Recovered 1 | . . 1 . . . . . Drone Launches . | . . . . . . . . Drone Recoveries . | . . . . . . . . Exploration | -11 -10 -10 -9 -9 -9 -8 -8 ------------- Run | Jun Mat Min Mat Min Exi Min Mat Turns Passed 4154 | 2 324 1166 822 421 325 576 518 Spaces Moved 2223 | 1 164 573 356 182 240 448 259 Core . | . . . . . . . . Treads 1 | . 1 . . . . . . Legs 40 | 1 39 . . . . . . Wheels 2182 | . 124 573 356 182 240 448 259 Hover . | . . . . . . . . Flight . | . . . . . . . . Fastest Speed 120 | 120 120 135 135 123 123 123 123 Average Speed 135 | 120 132 156 141 126 123 123 123 Slowest Speed 320 | 120 320 175 190 150 138 123 123 Overloaded Moves . | . . . . . . . . Propulsion Burnouts . | . . . . . . . . Robots Hopped . | . . . . . . . . Cave-ins Triggered . | . . . . . . . . Exploration Rate (%) 51 | 2 47 89 34 60 59 89 28 Regions Visited 7 Branch Regions 4 Pre-discovered Areas 1 | . . 1 . . . . . Known Exits Taken . | . . . . . . . . Unknown Exits Taken 7 | 1 1 1 1 1 1 1 . Scrap Searched 5 | . . 3 . 1 . 1 . Spaces Dug 8 | . . . . . . . 8 Terrain Destroyed 48 | . . . 23 . . . 25 Melee . | . . . . . . . . Projectile 25 | . . . . . . . 25 AOE 23 | . . . 23 . . . . Terrain Rammed . | . . . . . . . . Walls Destroyed . | . . . . . . . . Machines Disabled . | . . . . . . . . Actions | -11 -10 -10 -9 -9 -9 -8 -8 --------- Run | Jun Mat Min Mat Min Exi Min Mat Total 3013 | 1 241 767 566 295 272 466 405 Wait 463 | . 49 109 122 65 18 10 90 Move 2216 | . 163 572 355 181 239 447 259 Hop . | . . . . . . . . Pick Up 44 | . 6 15 11 4 2 1 5 Fast Attach 12 | . 1 1 5 . 2 . 3 Attach 14 | . . 7 4 . 2 . 1 Detach 6 | . 2 . . . 2 . 2 Swap 26 | 1 7 3 3 4 1 2 5 Drop 27 | . . 2 11 3 6 . 5 Fire 205 | . 13 58 55 38 . 6 35 Melee . | . . . . . . . . Ram . | . . . . . . . . Kick . | . . . . . . . . Crush . | . . . . . . . . Escape Stasis . | . . . . . . . . Rewire . | . . . . . . . . Trap . | . . . . . . . . Miscellaneous . | . . . . . . . . Route ------- -11/Junkyard -10/Materials (discovered 2 exits: *Mat / [*Min]) -10/Mines (discovered 2 exits: *Mat x2) -9/Materials -9/Mines -9/Exiles -8/Mines (discovered 2 exits: *Mat x2) -8/Materials (discovered 1 exit: [*Fac]) History --------- Turn | Location | Event 3 | -11/Junkyard | Discovered new exit (range 0) 3 | -11/Junkyard | Entered Materials 40 | -10/Materials | Discovered new exit (range 9) 217 | -10/Materials | Discovered new exit (range 13) 316 | -10/Materials | Build established: Mutant 327 | -10/Materials | Entered Mines 552 | -10/Mines | Core integrity fell below 50% 609 | -10/Mines | Lost 3 parts (1p2w) 636 | -10/Mines | Discovered new exit (range 14) 765 | -10/Mines | Met a Derelict testing a Signal Generator 769 | -10/Mines | Found Signal Generator 882 | -10/Mines | Discovered new exit (range 7) 980 | -10/Mines | YI-UF0 nonchalantly dropped a Grenade Launcher on the ground 999 | -10/Mines | Destroyed YI-UF0 1011 | -10/Mines | Found Corrupted Prototype Launcher 1121 | -10/Mines | Found a damaged Exp. Sensor Array with a note attached 1123 | -10/Mines | Found Prototype Device 1157 | -10/Mines | Assisted by bots powering up and referring to "LRC-V3" 1349 | -10/Mines | Build established: Scavenger-Mutant 1379 | -10/Mines | Learned location of Recycling (-8) 1493 | -10/Mines | Entered Materials 1493 | -9/Materials | Accompanied by 1 ally 1493 | -9/Materials | Evolved 2 slots: Propulsion x1, Utility x1 2008 | -9/Materials | Discovered new exit (range 15) 2315 | -9/Materials | Entered Mines 2640 | -9/Mines | Assembled infested the area 2701 | -9/Mines | Deemed a non-threat by the Exiles lab entrance 2701 | -9/Mines | Discovered new exit (range 5) 2736 | -9/Mines | Entered Exiles 2768 | -9/Exiles | Met 8R-AWN 2789 | -9/Exiles | Met EX-HEX 2826 | -9/Exiles | Met EX-BIN 2839 | -9/Exiles | Aligned with FarCom system 2841 | -9/Exiles | Given EX-Vault access code 2869 | -9/Exiles | Opened EX-Vault 2879 | -9/Exiles | Found Cloak of Protection 2909 | -9/Exiles | Warned to stay clear of 0b10 Research branches 2945 | -9/Exiles | Met EX-DEC 3044 | -9/Exiles | Discovered new exit (range 15) 3061 | -9/Exiles | Left Exiles lab with Cloak of Protection 3061 | -9/Exiles | Entered Mines 3102 | -8/Mines | Discovered new exit (range 6) 3191 | -8/Mines | Build established: Mutant 3208 | -8/Mines | Discovered new exit (range 15) 3636 | -8/Mines | Identified YI-UF0's Doublenader 3637 | -8/Mines | System corruption reached 10% 3637 | -8/Mines | Entered Materials 3637 | -8/Materials | Evolved 2 slots: Utility x2 3936 | -8/Materials | Discovered new exit (range 8) 4155 | -8/Materials | Self-destructed Last Messages --------------- 04119_ L-31 Rogue knocked back. 04119_ W-25 Informer sends out distress signal. 04122_ Destroyed Katana. 04122_ L-31 Rogue knocked back. 04127_ Material Processor disabled. 04128_ U-05 Engineer builds a Wall. 04130_ G-47 Trooper destroyed. 04135_ Critical hit (Burn: +37). 04135_ Slug penetrates G-47 Trooper. 04135_ G-47 Trooper knocked back. 04137_ Critical hit (Burn: +37). 04142_ U-05 Engineer builds a Wall. 04146_ Acquired 9 matter. 04149_ Destroyed Com. Wheel. 04149_ R-06 Scavenger knocked back. 04149_ ALERT: Suspicious intruders detected, dispatching Specialist reinforcements to area. 04150_ U-05 Engineer builds a Wall. 04151_ Slug penetrates Wall. 04152_ Critical hit (Burn: +37). Map ----- +----------------------------------------------------+ | ?????????????????????????????????????? | | ?????????????????????????????????????? | | ?????????????????????????????????????? | | ?????????????????????????????????????? | | ?????????????????????????????????????? | | ?????????????????????????????????????? | | ?????????????????????????????????????? | | ?????????????????????????????????????? | | ?????????????????????????w???????????? | | ?????????????????????????????????????? | | ?????????????????????????????????????? | | ??????????????????? ????????????????? | | ??????????????????? ????????????????? | | ??????????????????? ????????????????? | | ??????????????????# ????????????????? | | ??????????????????# ????????????????? | | ?????????????????? ????????????????? | | ?????????????????? ????????????????? | | ??????????????????# #???????????????? | | ??????????????????# #???????????????? | | ?????????????????## #???????????????? | | ?????????????????? #??####?????????? | | ??????????????????# ####;;###???????? | | ??????????????????# #% r u #???????? | | ?????????????????## # gg #???????? | | ?????????????????+ + @g= #???????? | | ?????????? """"" ### ##############??? | | ?????????? """"" #?# # #= #??? | | ?????????? #?# #?#" "" #??? | | ??????????########?#H#?## " "" #??? | | ???????????????????# #??# """"" #??? | | ???????????????????# #??# """"" #??? | | ???????????????????# #??# """ #??? | | ???????????????????# #??# [ #??? | | ???????????######### #??# #??? | | ???????????# ## ########+#####??? | | ???????????# # #???? | | ???????????# # x < #???? | | ???????????# # x #???? | | ???????????# # ##############?? | | ???????????# # # """ #?? | | ??????????## # # "T" """ #?? | | ?????????? # + + """ #?? | | ?????????? # # # """ #?? | | ?????????? # # # ! #?? | | ?????????? # # #######"######?? | | ?????????? # # ##########?????? | | ?????????? # # # [ #?????? | | ???????# ### #### # "[ #?????? | | ??????? ####### # """ *#?????? | +----------------------------------------------------+ Best States ------------- Heat Dissipation 56 Energy Generation 18 Energy Capacity 160 Matter Stores 300 Matter Capacity 300 Sight Range 16 Terrain Scan Density 10 Cloak Strength 5 Armor Coverage 450 Utility Shielding 66 Evasion (%) 55 Recoil Reduction 2 Offensive Hacking 10 Item Schematics ----------------- None Robot Schematics ------------------ None Fabricated ------------ Nothing Alien Tech Used ----------------- None Achievements -------------- None Challenges ------------ None Game ------ Seed BeamNullSword Manual? 1 Play Time 00:34:08 Cumulative 358.2 hours Start 2023.02.22 @ 21:37:15 End 2023.02.22 @ 22:05:50 Sessions 1 Manual Loads 0 Difficulty Rogue Special Mode None Game No. 423 Rogue 423 Adventurer 0 Explorer 0 Win Type - Total 0 Types 0/0/0/0/0/0/0/0/0 Lore% 51 Gallery% 74 Achievement% 61 Wizard Run 0 Options --------- ASCII 0 Keyboard 0 Movement Mouse Keybinds 0 Fullscreen 2 Font 24/Smallcaps Map View 76x50 Tactical HUD 1 Map Filters NONE Filters NONE Steam 1 RUN: 4bcdcbc7-013d-40f9-8dd9-114766bff2e2